 Dungeon Crawl Stone Soup version 0.28-a0-1087-gf3fc490d9d (webtiles) character file.

Game seed: 3915045859218944944

318 fragbeetle the Insei (level 6, -1/46 HPs)
             Began as a Merfolk Transmuter on Dec 11, 2021.
             Slain by Grinder (6 damage)
             ... on level 4 of the Dungeon.
             The game lasted 00:10:04 (4406 turns).

fragbeetle the Insei (Merfolk Transmuter)           Turns: 4406, Time: 00:10:05

Health: -1/46      AC:  3    Str: 12    XL:     6   Next: 45%
Magic:  10/10      EV: 13    Int: 12    God:
Gold:   142        SH:  0    Dex: 15    Spells: 6/10 levels left

rFire   . . .      SeeInvis .     - Unarmed
rCold   . . .      Faith    .   (no shield)
rNeg    . . .      Spirit   .   a - +0 robe
rPois   .          Reflect  .   (helmet currently unavailable)
rElec   .          Harm     .   g - +0 cloak
rCorr   .          Rampage  .   (no gloves)
Will    .....                   (boots currently unavailable)
Stlth   ++........              (no amulet)
HPRegen 0.15/turn               (no ring)
MPRegen 0.12/turn               (no ring)

@: appendages (expiring)
A: horns 2, (nimble swimmer 2), mertail
a: End Transformation


You were on level 4 of the Dungeon.
You had temporarily grown beastly horns.
You visited 1 branch of the dungeon, and saw 4 of its levels.

You collected 142 gold pieces.

Inventory:

Hand Weapons
 u - a +0 quarterstaff
Missiles
 o - 3 boomerangs
Armour
 a - a +0 robe (worn)
 e - a +0 buckler
 g - a +0 cloak (worn)
Magical Staves
 w - a staff of poison
Jewellery
 i - an amulet of guardian spirit
Scrolls
 d - 2 scrolls of enchant weapon {unknown}
 f - 2 scrolls of noise {unknown}
 j - a scroll of magic mapping {unknown}
 m - a scroll of vulnerability {unknown}
 n - a scroll of amnesia {unknown}
 p - a scroll of teleportation {unknown}
 v - a scroll of identify {unknown}
 x - a scroll of summoning {unknown}
 y - a scroll of fog {unknown}
Potions
 b - a potion of cancellation {unknown}
 c - a potion of might {unknown}
 h - a potion of resistance {unknown}
 k - 3 potions of heal wounds {unknown}
 l - 2 potions of curing {unknown}
 q - a potion of berserk rage {unknown}
 r - a potion of mutation {unknown}
 s - a potion of degeneration {unknown}
 t - a potion of ambrosia {unknown}


   Skills:
 * Level 2.7 Fighting
 * Level 4.3 Dodging
 - Level 0.7 Stealth
 + Level 0.1 Shields
 + Level 4.8 Unarmed Combat
 + Level 2.7 Spellcasting
 * Level 4.6 Transmutations
 * Level 1.2 Poison Magic


You had 6 spell levels left.
You knew the following spells:

 Your Spells              Type           Power      Damage    Failure   Level
a - Beastly Appendage     Tmut           24%        N/A       3%          1
b - Spider Form           Tmut/Pois      8%         N/A       22%         3

Your spell library contained the following spells:

 Spells                   Type           Power      Damage    Failure   Level
 Wereblood                Tmut           12%        N/A       5%          2
 Animate Skeleton         Necr           2%         N/A       26%         1
 Apportation              Tloc           2%         N/A       26%         1
 Summon Small Mammal      Summ           4%         N/A       26%         1
 Ice Form                 Ice/Tmut       7%         N/A       67%         4


Dungeon Overview and Level Annotations

Branches:
Dungeon (4/15)
 Temple: D:4-7

Altars:
Dithmenos
Ru

Annotations:
D:3 Sigmund
D:4 Grinder


Innate Abilities, Weirdness & Mutations

You have temporarily grown beastly horns.
((You are quick and stealthy near water. (Stealth+, EV+, Speed+++)))
Your lower body shifts to a powerful aquatic tail in water.


Message History

You punch Grinder! Your headbutt misses Grinder.
Grinder is lightly wounded.
Grinder barely misses you.
You hit Grinder but do no damage.
Grinder is lightly wounded.
Grinder hits you!
You barely miss Grinder.
Grinder is lightly wounded.
Grinder hits you.
You writhe in agony.
You hit Grinder. You headbutt Grinder!
Grinder is heavily wounded.
Grinder hits you.
You writhe in agony.
You barely miss Grinder.
Grinder is heavily wounded.
Grinder hits you.
You writhe in agony.
You hit Grinder.
Grinder is severely wounded.
Grinder hits you but does no damage.
You hit Grinder but do no damage. You headbutt Grinder.
Grinder is severely wounded.
Grinder gestures at you.
You barely resist. You hit Grinder but do no damage.
Grinder is severely wounded.
You closely miss Grinder.
Grinder is severely wounded.
Your transformation is almost over.
Grinder barely misses you.
You hit Grinder. Your headbutt misses Grinder.
Grinder is severely wounded.
Grinder hits you.
* * * LOW HITPOINT WARNING * * *
You writhe in agony.
* * * LOW HITPOINT WARNING * * *
You barely miss Grinder.
Grinder is severely wounded.
Grinder hits you.
* * * LOW HITPOINT WARNING * * *
You writhe in agony.
You die...

#..##
#..........#
####
#..........#
#.........##
#..........#
#.........##
##......###
##..#####
##..## #@###
#...5#
#..#....
..###......
## ###......
##.... ####


You could see Grinder.

Vanquished Creatures
  A bullfrog (D:4)
  An orc priest (D:3)
  A hound (D:4)
  A jelly (D:4)
  6 adders
  An adder skeleton (D:4)
  A worm (D:4)
  3 dart slugs
  17 orcs
  6 endoplasms
  2 giant cockroaches
  6 goblins
  6 hobgoblins
  2 jackals (D:4)
  3 kobolds
  4 quokkas
  9 ball pythons
  4 bats
  4 frilled lizards
  10 rats
  A spectral kobold (D:2)
89 creatures vanquished.

Notes
Turn   | Place    | Note
-------+----------+-------------------------------------------
     0 | D:1      | fragbeetle the Merfolk Transmuter began the quest for the
                  | Orb.
     0 | D:1      | Reached XP level 1. HP: 15/15 MP: 3/3
    59 | D:1      | Reached XP level 2. HP: 2/21 MP: 5/5
   989 | D:2      | Reached XP level 3. HP: 27/27 MP: 4/6
  1201 | D:2      | Found a faded altar of an unknown god.
  1431 | D:2      | Found a shadowy altar of Dithmenos.
  1582 | D:2      | Reached XP level 4. HP: 21/33 MP: 5/7
  2477 | D:3      | Found a sacrificial altar of Ru.
  2809 | D:3      | Reached XP level 5. HP: 8/38 MP: 5/8
  3313 | D:3      | Learned a level 3 spell: Spider Form
  3330 | D:3      | Noticed Sigmund
  3698 | D:4      | Reached XP level 6. HP: 22/46 MP: 8/10
  3948 | D:4      | Reached skill level 1 in Poison Magic
  4393 | D:4      | Noticed Grinder
  4406 | D:4      | Slain by Grinder

Illustrated notes

Levels and vault maps discovered:
D:1:      minmay_arrival_checkered_box, layout_rooms
D:2:      minmay_skewed_foursquare, layout_loops_ring, basic_altar,
          dreamdust_ecumenical_altar_drowned_temple
D:3:      layout_basic, nicolae_ru_path_of_blood, uniq_sigmund
D:4:      minmay_chambers_of_threes, layout_cave_pods, serial_glass,
          glass_columns_a, glass_columns_a, glass_columns_a,
          minmay_increasing_density, uniq_grinder

Skill      XL: |  1  2  3  4  5  6 |
---------------+-------------------+-----
Dodging        | 3 4 |  4.3
Transmutations | 3 4 |  4.6
Fighting       | 2 |  2.7
Unarmed Combat | 4 |  4.8
Poison Magic   | 1 |  1.2
Stealth        | |  0.7
Shields        | |  0.1
Spellcasting   | |  2.7

Action                   |  1- 3 |  4- 6 || total
-------------------------+-------+-------++-------
Melee: Unarmed           |   111 |   192 ||   303
       Headbutt          |    17 |    32 ||    49
       Punch             |       |     1 ||     1
 Cast: Beastly Appendage |    21 |    32 ||    53
 Stab: Sleeping          |     1 |     1 ||     2
Armor: Robe              |    25 |    24 ||    49
Dodge: Dodged            |    65 |   102 ||   167
Block: Buckler           |    12 |    20 ||    32

Table legend: (Time is in decaauts)
 A = Elapsed time spent in this place.
 B = Non-inter-level travel time spent in this place.
 C = Inter-level travel time spent in this place.
 D = Time resting spent in this place.
 E = Time spent auto-exploring this place.
 F = Levels seen in this place.
 G = Mean time per level.
                   A        B        C        D        E       F      G
               +--------+--------+--------+--------+--------+-----+--------+
         Total |   4391 |   4326 |     65 |   1235 |   2016 |   4 | 1097.8 |
       Dungeon |   4391 |   4326 |     65 |   1235 |   2016 |   4 | 1097.8 |
               +--------+--------+--------+--------+--------+-----+--------+

Top non-repeatable levels by time:
     D:3: 1328 daAuts
     D:2: 1155 daAuts
     D:4: 1039 daAuts
     D:1: 868 daAuts
